Map: [ESL] Alcyone

Players

Maplez

  • Race: Protoss Protoss
  • Spawn Location: 7:00

Cham - Winner!

  • Race: Zerg Zerg
  • Spawn Location: 1:00

Event: ESL SC2 Masters 2024 Spring (Regional)

VOD

Have the link to the VOD?

Description

Time

  • Played on: April 21, 2024, 2:33 p.m.
  • Length: 15:47

All games in this series

Show
View Real Time Build Order
Export as new Build Order

Maplez Protoss 

Build Orders: 1 Gate Expand, Oracle Opening 

Get SALT Encoding   

  12  0:00  Probe  
  13  0:12  Probe  
  14  0:18  Pylon  
  14  0:24  Probe (Chrono Boost)  
  15  0:37  Probe (Chrono Boost)  
  15  0:40  Gateway  
  16  0:44  Probe (Chrono Boost)  
  17  0:50  Assimilator  
  17  0:51  Probe  
  18  1:03  Probe  
  19  1:15  Probe  
  20  1:26  Nexus  
  20  1:36  Cybernetics Core  
  20  1:40  Probe  
  20  1:46  Assimilator  
  21  1:52  Probe  
  22  1:55  Pylon  
  22  2:03  Adept  
  22  2:04  Probe (Chrono Boost)  
  23  2:13  Warp Gate  
  26  2:16  Probe (Chrono Boost)  
  26  2:22  Probe (Chrono Boost)  
  26  2:28  Stargate  
  27  2:35  Probe (Chrono Boost)  
  30  2:37  Stalker  
  30  2:40  Probe (Chrono Boost)  
  31  2:49  Probe x2 (Chrono Boost)  
  33  2:57  Probe x2  
  35  3:07  Adept  
  35  3:09  Oracle (Chrono Boost)  
  40  3:14  Probe  
  40  3:15  Pylon, Probe  
  42  3:23  Gateway  
  42  3:26  Probe  
  43  3:27  Probe  
  44  3:38  Probe, Oracle (Chrono Boost)  
  44  3:39  Probe  
  44  3:40  Pylon  
  49  3:50  Probe  
  49  3:52  Probe  
  51  3:56  Nexus  
  51  4:02  Probe  
  52  4:04  Adept  
  52  4:06  Probe  
  55  4:10  Oracle (Chrono Boost)  
  55  4:14  Probe  
  55  4:15  Pylon  
  55  4:16  Assimilator  
  59  4:19  Probe  
  59  4:20  Assimilator  
  60  4:26  Probe  
  61  4:31  Probe  
  61  4:35  Adept x2  
  66  4:38  Probe  
  66  4:43  Probe  
  66  4:44  Twilight Council  
  66  4:45  Forge  
  68  4:50  Probe  
  69  4:55  Probe  
  69  4:58  Gateway  
  69  4:59  Gateway  
  68  5:03  Probe  
  69  5:08  Probe  
  69  5:09  Probe, Protoss Ground Weapons Level 1 (Chrono Boost), Adept x2  
  75  5:14  Blink (Chrono Boost)  
  75  5:15  Probe  
  75  5:20  Probe  
  75  5:21  Probe  
  78  5:27  Probe  
  79  5:32  Probe  
  81  5:38  Stalker x2  
  81  5:41  Gateway, Probe  
  85  5:43  Gateway  
  85  5:49  Pylon  
  85  5:51  Pylon  
  85  5:57  Pylon, Shield Battery  
  85  6:02  Pylon  
  85  6:07  Probe x3  
  85  6:10  Stalker  
  85  6:11  Stalker x3  
  96  6:19  Probe  
  96  6:21  Shield Battery  
  96  6:23  Probe x2  
  99  6:27  Pylon  
  99  6:32  Protoss Air Weapons Level 1, Photon Cannon  
  96  6:52  Stalker x6  
  98  6:55  Gateway  
  98  6:58  Pylon  
  98  7:00  Pylon  
  98  7:12  Pylon  
  98  7:18  Stalker x3  
  98  7:19  Stalker x3  
  98  7:20  Pylon  
  98  7:21  Nexus  
  110  7:27  Probe  
  110  7:29  Probe x2, Charge (Chrono Boost)  
  112  7:33  Protoss Ground Weapons Level 2 (Chrono Boost), Forge  
  112  7:37  Gateway  
  112  7:39  Probe  
  112  7:41  Probe x2  
  115  7:45  Pylon  
  115  7:51  Probe  
  115  7:53  Probe x2, Zealot  
  115  7:54  Zealot x3  
  115  7:56  Zealot x2  
  115  7:58  Protoss Ground Armor Level 1 (Chrono Boost)  
  124  8:03  Probe  
  124  8:04  Gateway  
  124  8:05  Gateway, Probe x2  
  118  8:07  Gateway  
  111  8:16  Probe  
  111  8:17  Probe, Zealot x2  
  117  8:20  Pylon, Nexus  
  117  8:23  Stalker x2  
  119  8:38  Zealot x5  
  129  8:49  Photon Cannon x2  
  129  8:50  Shield Battery  
  129  8:53  Zealot x2  
  129  8:55  Pylon  
  133  8:59  Pylon, Templar Archives  
  133  9:01  Zealot  
  135  9:09  Stalker x3  
  136  9:18  Stalker x2  
  133  9:26  Stalker  
  128  9:37  Stalker x3  
  128  9:38  Stalker  
  124  9:39  Probe  
  112  9:56  High Templar x4  
  112  9:57  Stalker  
  112  9:58  Stalker  
  124  10:00  Archon  
  124  10:02  Archon  
  124  10:06  Zealot  
  124  10:07  Zealot x2  
  128  10:12  Photon Cannon  
  128  10:24  Stalker x3  
  128  10:28  Zealot x7  
  118  10:38  Probe  
  117  10:46  Stalker x3  
  117  10:48  Zealot  
  121  10:50  Zealot x2  
  103  11:11  Stalker x2  
  103  11:12  Stalker  
  105  11:20  Zealot x3  
  105  11:24  Probe (Chrono Boost)  
  112  11:28  Probe x2 (Chrono Boost)  
  112  11:31  Probe (Chrono Boost)  
  112  11:38  Zealot x2  
  116  11:43  Probe  
  116  11:47  Probe  
  116  11:50  Probe  
  116  11:53  Probe  
  119  11:55  Pylon, Probe  
  119  11:59  Probe  
  120  12:02  Probe  
  120  12:05  Probe  
  120  12:08  Probe  
  122  12:11  Probe  
  122  12:12  Zealot x5  
  97  12:41  Zealot x6  
  97  12:42  Zealot  
  109  12:51  Probe (Chrono Boost)  
  109  12:57  Probe (Chrono Boost)  
  104  13:01  Probe (Chrono Boost)  
  104  13:02  Probe (Chrono Boost)  
  104  13:05  Probe (Chrono Boost)  
  97  13:08  Probe (Chrono Boost)  
  101  13:13  Probe (Chrono Boost)  
  101  13:14  Probe (Chrono Boost)  
  101  13:15  Probe x2 (Chrono Boost)  
  101  13:18  Probe (Chrono Boost)  
  103  13:21  Probe  
  103  13:22  Probe, Zealot x2  
  110  13:29  Pylon  
  110  13:30  Shield Battery  
  110  13:34  Probe x2 (Chrono Boost)  
  109  13:36  Probe (Chrono Boost)  
  111  13:46  Probe (Chrono Boost)  
  111  13:48  High Templar x4  
  120  13:50  Probe x2 (Chrono Boost)  
  120  13:53  Probe (Chrono Boost)  
  119  13:56  Archon x2  
  118  14:03  Probe x2  
  118  14:04  Probe x2  
  119  14:10  Stalker  
  119  14:11  Stalker  
  119  14:15  Stalker  
  125  14:18  Probe x2  
  125  14:21  Probe  
  121  14:25  Probe  
  122  14:31  Probe  
  122  14:32  Probe  
  122  14:33  Probe  
  122  14:40  Stalker x2  
  125  14:52  Stalker x2  
  129  14:59  High Templar x2  
  133  15:03  Archon  
  133  15:08  Stalker x2  
  133  15:09  Stalker  
  121  15:28  Probe  
  108  15:29  Probe  
  108  15:32  Stalker x2  
  108  15:33  Stalker x3  
Show
View Real Time Build Order
Export as new Build Order

Cham Zerg - Winner!

Build Orders: Hatch First 

Get SALT Encoding   

  12  0:00  Drone  
  13  0:12  Overlord  
  13  0:16  Drone  
  14  0:30  Drone  
  14  0:31  Drone  
  16  0:48  Hatchery  
  15  0:52  Drone  
  15  0:55  Drone  
  17  1:00  Drone  
  18  1:14  Spawning Pool  
  18  1:17  Extractor, Drone  
  17  1:21  Drone  
  18  1:27  Drone  
  19  1:40  Drone  
  20  1:56  Drone  
  20  2:00  Queen x2  
  25  2:01  Zergling x2  
  25  2:02  Zergling x2  
  27  2:12  Overlord, Drone  
  28  2:19  Metabolic Boost  
  28  2:30  Drone x2  
  30  2:40  Hatchery  
  29  2:45  Queen  
  29  2:49  Drone  
  29  2:51  Overlord  
  32  2:53  Drone  
  32  2:57  Drone  
  34  2:59  Drone  
  35  3:09  Queen, Drone  
  35  3:12  Drone x3  
  41  3:17  Drone x2  
  41  3:18  Drone  
  44  3:22  Overlord  
  44  3:32  Overlord  
  44  3:40  Drone  
  45  3:43  Queen, Drone x3  
  45  3:44  Drone  
  45  3:45  Drone  
  52  3:50  Queen  
  52  3:51  Drone, Overlord  
  55  3:57  Overlord  
  55  4:00  Zergling x8  
  55  4:02  Zergling x2  
  60  4:10  Spore Crawler  
  60  4:11  Spore Crawler  
  58  4:17  Spore Crawler  
  58  4:19  Zergling x8  
  58  4:20  Overlord  
  58  4:23  Drone x3  
  64  4:25  Drone  
  64  4:26  Drone  
  66  4:31  Drone x3  
  68  4:40  Overlord  
  68  4:44  Roach Warren  
  68  4:45  Zergling x6  
  70  4:50  Lair  
  66  4:53  Drone x2  
  66  4:55  Drone x2  
  66  4:56  Drone  
  70  5:00  Drone x2  
  70  5:01  Extractor  
  70  5:04  Drone x2  
  70  5:05  Drone x2  
  73  5:07  Drone  
  73  5:08  Drone  
  73  5:10  Drone  
  73  5:11  Drone  
  73  5:12  Drone  
  78  5:15  Extractor  
  78  5:16  Overlord  
  76  5:21  Zergling x2  
  76  5:27  Extractor  
  76  5:29  Extractor  
  76  5:30  Zergling x12  
  76  5:31  Extractor  
  76  5:34  Drone x3  
  83  5:36  Overlord  
  83  5:37  Drone  
  83  5:38  Drone  
  83  5:40  Drone x2  
  87  5:43  Drone  
  87  5:49  Drone  
  89  5:52  Drone  
  89  5:56  Drone x2  
  89  5:57  Drone x2  
  94  5:58  Hatchery  
  94  6:03  Spire  
  92  6:06  Overlord  
  92  6:07  Glial Reconstitution  
  92  6:08  Drone x2  
  92  6:09  Drone  
  95  6:14  Overlord  
  95  6:15  Drone x2  
  95  6:16  Drone  
  98  6:19  Overlord  
  98  6:20  Roach  
  98  6:24  Roach x2  
  104  6:28  Roach x2  
  104  6:31  Overlord  
  108  6:33  Roach x2  
  108  6:36  Overlord  
  108  6:47  Roach  
  108  6:48  Roach x5  
  108  6:53  Zergling x10  
  120  7:03  Overlord  
  120  7:06  Roach x4  
  126  7:10  Roach  
  126  7:13  Drone  
  126  7:14  Roach x2  
  126  7:15  Ravager x2, Evolution Chamber  
  137  7:19  Hatchery  
  135  7:25  Baneling Nest  
  135  7:26  Roach x5  
  135  7:28  Zergling x4  
  139  7:33  Roach x3  
  139  7:35  Zergling x2  
  146  7:41  Overlord  
  146  7:42  Zergling x6  
  149  7:47  Zergling x2  
  149  7:48  Zergling x2  
  149  7:53  Zergling x6  
  149  7:54  Zergling x2  
  145  7:58  Zergling x2  
  145  7:59  Zergling x4  
  140  8:08  Zerg Melee Weapons Level 1  
  140  8:10  Mutalisk x3  
  140  8:11  Mutalisk x5  
  153  8:14  Mutalisk, Ravager  
  153  8:18  Mutalisk x3  
  162  8:22  Centrifugal Hooks  
  162  8:23  Overlord  
  162  8:26  Overlord  
  162  8:29  Overlord  
  162  8:30  Overlord  
  162  8:33  Overlord  
  161  8:37  Overlord  
  161  8:42  Overlord x3  
  161  8:48  Overlord  
  161  8:49  Overlord  
  161  8:52  Zergling x10  
  166  8:56  Zergling x8  
  166  8:58  Ravager  
  166  9:00  Zergling x2  
  166  9:01  Zergling x4  
  174  9:06  Zergling x6  
  177  9:10  Zergling x6  
  175  9:22  Zergling x2  
  175  9:23  Zergling x12  
  170  9:29  Zergling x10  
  157  9:39  Zergling x2  
  157  9:40  Zergling x12  
  157  9:44  Roach Warren  
  160  9:51  Baneling  
  160  9:52  Baneling x9  
  160  9:54  Zergling x2  
  160  9:55  Zergling x8  
  162  10:01  Zergling x10  
  162  10:06  Zergling x6  
  170  10:07  Baneling x4  
  170  10:14  Baneling x4  
  166  10:28  Zergling x20  
  150  10:29  Zergling x4  
  140  10:37  Hatchery  
  140  10:39  Roach x2  
  140  10:41  Roach  
  142  10:44  Baneling x7  
  139  10:51  Roach x2  
  139  10:52  Roach  
  139  10:54  Roach  
  146  11:02  Roach x2  
  131  11:11  Zergling x4, Roach x3  
  134  11:15  Zergling x4  
  134  11:19  Zergling x4  
  134  11:25  Zergling x4  
  137  11:37  Zerg Melee Weapons Level 2  
  137  11:40  Ravager x4  
  137  11:41  Ravager x9  
  150  11:50  Zergling x8  
  150  11:53  Baneling x2  
  150  11:54  Baneling x4  
  154  11:59  Baneling  
  154  12:00  Baneling x8  
  152  12:02  Baneling x3  
  152  12:03  Baneling x2  
  152  12:04  Baneling  
  152  12:12  Zergling x4  
  152  12:13  Zergling x10  
  141  12:23  Zergling x2  
  141  12:24  Zergling x12  
  130  12:34  Zergling x12  
  129  12:42  Zergling x8  
  119  12:53  Zergling x6, Hatchery  
  111  13:02  Zergling x6  
  112  13:09  Zergling x4  
  112  13:10  Zergling x2  
  115  13:16  Roach x3  
  115  13:19  Roach  
  127  13:20  Roach x2  
  127  13:26  Baneling x10  
  127  13:29  Roach x2  
  131  13:37  Roach  
  135  13:41  Roach x2  
  135  13:42  Roach x2  
  141  13:49  Baneling x3  
  141  13:51  Baneling x4  
  141  14:00  Zergling x4, Roach x3  
  149  14:08  Zergling x4, Roach x3  
  157  14:15  Roach  
  159  14:21  Zergling x4, Roach x2  
  162  14:25  Zergling x6  
  163  14:39  Hatchery, Zergling x8  
  165  14:47  Zergling x6  
  167  14:58  Zergling x2  
  167  14:59  Zergling x14  
  175  15:10  Zergling x12  
  175  15:14  Zergling x4  
  182  15:20  Zergling x4  
  182  15:21  Zergling x2  
  164  15:23  Zergling x4  
  164  15:27  Zergling x2  
Tags
 
Add a new tag
Caveats
  • Supply blocks, unpowered buildings, or Contaminate may cause inaccurate times.
  • Supply counts are checked every 10 seconds.